 Dungeon Crawl Stone Soup version 0.30.1-9-gdf580d7c3d (webtiles) character file.

Game seed: 2432971894491235190

5483 safid the Frost Mage (level 10, -2/82 HPs)
             Began as a Merfolk Ice Elementalist on Sept 27, 2023.
             Slain by a vault guard
             ... wielding a +0 broad axe
              (17 damage)
             ... in a bailey.
             The game lasted 00:17:02 (10938 turns).

safid the Frost Mage (Merfolk Ice Elementalist)    Turns: 10938, Time: 00:17:03

Health: -2/82      AC: 12    Str:  8    XL:     10   Next: 69%
Magic:  21/21      EV: 19    Int: 19    God:
Gold:   552        SH:  0    Dex: 15    Spells: 12/24 levels left

rFire   . . .        D - +4 war axe
rCold   . . .        (no shield)
rNeg    . . .        a - +0 robe
rPois   .            o - +0 helmet
rElec   .            (no cloak)
rCorr   .            e - +0 pair of gloves
SInv    +            (boots currently unavailable)
Will    .....        v - amulet of magic regeneration
Stlth   +++          m - ring of see invisible
HPRegen 0.33/turn    (no ring)
MPRegen 0.57/turn

%: no passive effects
@: mighty, ice-armoured, freezing walls, very quick
A: nimble swimmer 2, mertail
a: no special abilities


You were in a bailey.
You visited 2 branches of the dungeon, and saw 10 of its levels.
You also visited: Sewer and Bailey.

You collected 552 gold pieces.

Inventory:

Hand Weapons
 g - a +2 falchion of draining
 B - a +2 whip of venom
 D - a +4 war axe (weapon)
Armour
 a - a +0 robe (worn)
 e - a +0 pair of gloves (worn)
 o - a +0 helmet (worn)
 F - a +0 pair of gloves
Jewellery
 j - a +6 ring of intelligence
 m - a ring of see invisible (left hand)
 v - an amulet of magic regeneration (around neck)
 A - an amulet of regeneration
 C - a +6 ring of dexterity
 G - a +5 ring of evasion
Wands
 l - a wand of mindburst (11)
Scrolls
 c - 4 scrolls of fear {unknown}
 d - 5 scrolls of teleportation
 f - 2 scrolls of fog {unknown}
 h - a scroll of amnesia {unknown}
 i - 2 scrolls of enchant armour {unknown}
 k - 3 scrolls of enchant weapon
 q - a scroll of blinking {unknown}
 r - 2 scrolls of immolation {unknown}
 s - a scroll of butterflies {unknown}
 w - a scroll of vulnerability {unknown}
 y - a scroll of silence {unknown}
 E - a scroll of noise {unknown}
Potions
 b - 2 potions of magic
 p - 2 potions of invisibility
 t - 2 potions of brilliance
 u - a potion of cancellation
 x - 3 potions of resistance
 z - 2 potions of curing {unknown}


   Skills:
 + Level 8.9 Fighting
 - Level 8.0 Dodging
 - Level 2.1 Stealth
 + Level 7.9 Spellcasting
 + Level 1.4 Conjurations
 + Level 2.6 Transmutations
 + Level 10.0 Ice Magic


You had 12 spell levels left.
You knew the following spells:

 Your Spells              Type           Power      Damage    Failure   Level
a - Freeze                Ice            100%       1d10      1%          1
b - Frozen Ramparts       Ice            90%        1d14      1%          3
c - Ozocubu's Armour      Ice            45%        N/A       1%          3
d - Irradiate             Conj/Tmut      7%         3d14      73%         5

Your spell library contained the following spells:

 Spells                   Type           Power      Damage    Failure   Level
 Summon Ice Beast         Ice/Summ       26%        N/A       12%         4
 Sublimation of Blood     Necr           7%         N/A       14%         2
 Metabolic Englaciation   Hex/Ice        13%        N/A       32%         5
 Petrify                  Tmut/Erth      12%        N/A       47%         4
 Simulacrum               Ice/Necr       13%        N/A       88%         6


Dungeon Overview and Level Annotations

Branches:
Dungeon (9/15)             Temple (1/1) D:5           Sewer (visited)
 Bailey (1/1)
   Lair: D:8-11         Orc: D:9-12

Altars:
Cheibriados
Elyvilon
Fedhas
Gozag
Hepliaklqana
Kikubaaqudgha
Makhleb
Nemelex Xobeh
Qazlal
Ru
Sif Muna
Trog
Uskayaw
Vehumet
Xom
The Shining One

Annotations:
D:7 2 transporters, TekDriveTruck's ghost, novice TrMo
D:8 1 runed translucent door, monsoonserge's ghost, novice DsMo


Innate Abilities, Weirdness & Mutations

You are very nimble when in or above water. (Stealth+, EV+, Speed+++)
Your lower body shifts to a powerful aquatic tail in water.


Message History

Confirm with . or Enter, or press ? or * to list all spells.
Casting: Frozen Ramparts (safe; 1% risk of failure)
Press: ? - help, Dir - look around, f - activate Some deep water.
The walls around you are covered in ice.
The wall freezes the bullfrog!
The wall freezes the vault guard.
The vault guard hits you with a +0 broad axe!
Unknown command.
You barely miss the vault guard. You tail-slap the vault guard.
The vault guard is lightly wounded.
The wall freezes the bullfrog.
The bullfrog seems to slow down.
The wall freezes the vault guard but does no damage.
The vault guard misses you.
You hit the vault guard. You tail-slap the vault guard!
The vault guard is moderately wounded.
The bullfrog is no longer moving slowly.
The wall freezes the vault guard but does no damage.
The vault guard hits you with a +0 broad axe!
The wall freezes the bullfrog.
The wall freezes the vault guard but does no damage.
The vault guard misses you.
You slash the vault guard! You punch the vault guard!
The vault guard is heavily wounded.
The wall freezes the bullfrog.
You kill the bullfrog!
The wall freezes the vault guard but does no damage.
The vault guard hits you with a +0 broad axe!
Unknown command.
You hit the vault guard but do no damage.
You tail-slap the vault guard, but do no damage.
The vault guard is heavily wounded.
The wall freezes the vault guard.
The vault guard hits you with a +0 broad axe!
* * * LOW HITPOINT WARNING * * *
The wall freezes the vault guard!
The vault guard closely misses you.
You slash the vault guard! You punch the vault guard.
The vault guard is almost dead.
The wall freezes the vault guard.
The vault guard hits you with a +0 broad axe!
You die...

###### #~†p.###
#~~..#@.~##
#~..p~#≈.~~##
#...~##≈.~~~#
#########??###≈~..~##
##....#≈≈####≈≈~...##
#.....#~~≈≈≈≈~~....#
...#..'†.~~~~....~.+
...#).#†...........#
..##..#≈≈≈~.~..~...#


You could see a vault guard.

Vanquished Creatures
  An unseen horror (D:7)
  3 steam dragons
  4 humans (Bailey)
  Menkaure (D:7)
  2 water moccasins
  3 orc warriors
  A sky beast (D:8)
  4 ice beasts
  2 black bears
  2 ogres
  A centaur (D:8)
  A phantom (D:5)
  2 kobold brigands (Sewer)
  8 bullfrogs
  5 scorpions
  7 wights
  9 killer bees
  A howler monkey (D:7)
  3 orc priests
  2 jellies
  A gnoll bouda (D:6)
  3 sleepcaps
  4 hounds
  5 iguanas
  5 orc wizards
  A mummy (D:5)
  6 gnolls
  8 adders
  2 river rats
  A shadow imp (D:6)
  A white imp (D:7)
  8 worms
  2 dart slugs
  30 orcs
  6 bats
  9 endoplasms
  7 giant cockroaches
  18 goblins
  11 hobgoblins
  3 quokkas
  11 ball pythons
  5 frilled lizards
  14 kobolds
  3 kobold zombies (D:5)
  An orc zombie (D:5)
  5 rats
232 creatures vanquished.

Vanquished Creatures (others)
  An orc (D:7)
1 creature vanquished.

Grand Total: 233 creatures vanquished

Notes
Turn   | Place    | Note
-------+----------+-------------------------------------------
     0 | D:1      | safid the Merfolk Ice Elementalist began the quest for the
                  | Orb.
     0 | D:1      | Reached XP level 1. HP: 13/13 MP: 3/3
   165 | D:1      | Reached XP level 2. HP: 18/20 MP: 3/5
   360 | D:1      | Reached skill level 1 in Fighting
   644 | D:1      | Found a faded altar of an unknown god.
  1401 | D:2      | Reached XP level 3. HP: 14/26 MP: 4/6
  1651 | D:2      | Reached skill level 5 in Ice Magic
  1733 | D:2      | Reached XP level 4. HP: 33/33 MP: 8/8
  1737 | D:2      | Learned a level 3 spell: Frozen Ramparts
  1741 | D:2      | Learned a level 3 spell: Ozocubu's Armour
  2546 | D:3      | Reached XP level 5. HP: 39/39 MP: 9/9
  2973 | D:3      | Found a radiant altar of Vehumet.
  3325 | D:4      | Noticed an ice beast
  3394 | D:4      | Reached XP level 6. HP: 26/47 MP: 9/11
  3910 | D:4      | Killed an ice beast
  4167 | D:4      | Reached XP level 7. HP: 47/53 MP: 12/12
  4329 | D:5      | Entered Level 5 of the Dungeon
  4363 | D:5      | Reached skill level 6 in Ice Magic
  4373 | D:5      | Reached skill level 5 in Dodging
  4394 | D:5      | Found a staircase to the Ecumenical Temple.
  4424 | Temple   | Entered the Ecumenical Temple
  4549 | D:5      | Found a glowing drain.
  4553 | Sewer    | Entered a sewer
  4879 | Sewer    | Reached XP level 8. HP: 47/61 MP: 14/14
  5288 | D:5      | Reached skill level 5 in Fighting
  5458 | D:5      | Found a burning altar of Makhleb.
  5628 | D:5      | Reached skill level 7 in Ice Magic
  5636 | D:5      | Reached skill level 5 in Spellcasting
  5980 | D:5      | Found a white marble altar of Elyvilon.
  6858 | D:6      | Reached XP level 9. HP: 62/69 MP: 17/17
  7423 | D:7      | Found Cogoc's Assorted Antiques.
  7472 | D:7      | Reached skill level 8 in Ice Magic
  7476 | D:7      | Noticed a boulder beetle
  7793 | D:7      | Found an opulent altar of Gozag.
  7840 | D:7      | Noticed an unseen horror
  7850 | D:7      | Killed an unseen horror
  8410 | D:7      | Noticed Menkaure
  8421 | D:7      | Killed Menkaure
  8634 | D:7      | Reached skill level 9 in Ice Magic
  8712 | D:7      | Found a transporter.
  8715 | D:7      | Noticed TekDriveTruck's ghost (novice TrMo)
  8716 | D:7      | Identified the +10 great mace of Roif {pain, rN+}
  8716 | D:7      | Noticed a two-headed ogre
  8719 | D:7      | Found a transporter.
  9028 | D:8      | Reached XP level 10. HP: 46/80 MP: 16/20
  9402 | D:8      | Found a runed translucent door.
  9402 | D:8      | Identified the +2 trident "Mace" {freeze, Str+4}
  9403 | D:8      | Noticed monsoonserge's ghost (novice DsMo)
  9716 | D:8      | Found a snail-covered altar of Cheibriados.
 10699 | D:9      | Found a flagged portal.
 10762 | D:9      | Learned a level 5 spell: Irradiate
 10766 | Bailey   | Entered a bailey
 10807 | Bailey   | Reached skill level 1 in Transmutations
 10819 | Bailey   | Reached skill level 1 in Conjurations
 10910 | Bailey   | Reached skill level 10 in Ice Magic
 10925 | Bailey   | Noticed a vault guard
 10938 | Bailey   | Slain by a vault guard

Illustrated notes

Levels and vault maps discovered:
D:1:      dpeg_arrival_morbid_curiosity, layout_basic,
          shapermc_ecumenical_altar_flowoftime
D:2:      layout_loops_cross, minmay_misc_feat_five, patterned_corridor
D:3:      minmay_angry_zag, layout_basic, general_overflow_altar,
          bh_walls_and_bars
D:4:      layout_basic, minmay_misc_feat_ornament
D:5:      layout_basic, kennysheep_mini, mainiacjoe_overflow_brackets,
          minmay_temple_entry_sparse_star, gup_sewer_entry_spiral,
          hangedman_abyss_or_decor_slice, minmay_mini_ossuary
D:6:      layout_loops_corners, minmay_ogre_servants
D:7:      minmay_clustersquares, layout_basic,
          nicolae_gozag_cash_rules_everything_around_me, serial_shops, shop,
          gammafunk_ghost_smash, amethyst_killhole, serial_park_tiny_pond,
          uniq_menkaure
D:8:      layout_loops_corners, kennysheep_slug_shrine,
          ebering_ghost_funeral_grove, hangedman_abyss_or_decor_lesser_grid,
          hangedman_decor_clover_reticule
D:9:      layout_roguey, nicolae_wu_jian_wuxing_cycle, dpeg_lair_monsters,
          enter_bailey_3, gammafunk_ghost_nasty_kobolds,
          nicolae_nh_ransacked_shop, uniq_erolcha, uniq_psyche
Temple:   chequers_temple_sunken
Bailey:   bailey_axe_froggy_fort_hellmonk, bailey

Skill      XL: |  1  2  3  4  5  6  7  8  9 10 |
---------------+-------------------------------+-----
Fighting       | 1 2 3 4 6 7 8 |  8.9
Ice Magic      | 5 6 7 9 10 | 10.0
Dodging        | 3 4 5 7 8 |  8.0
Spellcasting   | 3 4 5 7 |  7.9
Transmutations | 2 |  2.6
Conjurations   | 1 |  1.4
Stealth        | |  2.1

Action                     |  1- 3 |  4- 6 |  7- 9 | 10-12 || total
---------------------------+-------+-------+-------+-------++-------
  Melee: Unarmed           |    20 |       |       |       ||    20
         Falchion          |    40 |   130 |   315 |       ||   485
         Dagger            |     9 |       |       |       ||     9
         Tailslap          |       |       |    14 |     3 ||    17
         Punch             |       |       |     8 |     4 ||    12
         Whip              |       |       |    54 |    52 ||   106
         War axe           |       |       |       |    76 ||    76
   Cast: Freeze            |    16 |     6 |     8 |       ||    30
         Frozen Ramparts   |       |     1 |    20 |    20 ||    41
         Ozocubu's Armour  |       |     1 |    21 |    16 ||    38
    Use: Potion            |     1 |     4 |     4 |     1 ||    10
         Scroll            |       |       |     6 |       ||     6
   Stab: Sleeping          |     6 |     7 |     5 |       ||    18
         Distracted        |       |       |     1 |       ||     1
 Armour: Robe              |    19 |    41 |   113 |    32 ||   205
  Dodge: Dodged            |    39 |    87 |   328 |   125 ||   579
